[Event "IX Iberoamericano Championship 2023"]
[Site "Panama City"]
[Date "2023.11.29"]
[Round "5.7"]
[White "Diaz Perez, Michel Alejandro"]
[Black "Duran Vega, Sergio"]
[Result "1-0"]
[ECO "B31"]
[WhiteElo "2459"]
[BlackElo "2392"]
[Annotator "TA"]
[PlyCount "143"]
[EventDate "2023.11.27"]
[EventType "swiss"]
[EventCountry "PAN"]
[SourceTitle "playchess.com"]
[Source "ChessBase"]
[SourceQuality "1"]
[TimeControl "5400+30"]

1. e4 c5 2. Nf3 Nc6 3. Bb5 g6 4. Bxc6 dxc6 5. d3 Bg7 6. h3 Qc7 {[%emt 0:00:52] B31: Sicilian: 2...Nc6 3 Bb5 g6.} 7. Nc3 h6 8. Be3 b6 {[%emt 0:00:07] White is slightly better.} 9. Qd2 e5 10. Nh2 Be6 11. f4 Ne7 12. Nf3 exf4 13. Bxf4 Qd7 {[%emt 0:00:06] [#]} 14. O-O-O $146 ({Predecessor:} 14. a3 g5 15. Be5 f6 16. Bg3 O-O-O 17. O-O f5 18. exf5 Nxf5 19. Bh2 c4 20. Rae1 {½-½ Lavrencic,M (1939)-Pozun,M (2158) Otocec Krka Terme op 2021 (6)}) 14... g5 15. Be5 Bxe5 16. Nxe5 Qc7 17. Nf3 Ng6 18. Kb1 O-O-O 19. Qf2 Ne5 20. Rhf1 Rhg8 21. Nxe5 Qxe5 22. Qf6 Qg3 23. Qf2 Qe5 (23... Qxf2 {simplifies} 24. Rxf2 h5 25. b3 h4) 24. Ne2 c4 25. Qf6 Qxf6 26. Rxf6 cxd3 27. cxd3 Rg6 28. Rf2 c5 29. Kc2 Rd7 30. Kc3 Kd8 (30... Bxa2 31. b3 $16) 31. a3 a5 32. Rb1 Ba2 33. Rd1 Be6 34. d4 cxd4+ 35. Rxd4 Ke7 36. Rxd7+ Bxd7 $11 {[%emt 0:00:09][%mdl 4096] Endgame KRB-KRN} 37. Nd4 Rf6 38. Nf5+ Bxf5 39. Rxf5 {[%emt 0:00:01] KR-KR} Rc6+ 40. Kd3 Rc1 41. Rb5 Rg1 42. g4 Rg3+ 43. Kd4 Rxh3 44. Rxb6 Rh4 45. Ke5 Rxg4 46. Rxh6 Rg2 47. Rb6 Rf2 48. Rb7+ Kf8 49. b4 axb4 50. Rxb4 Kg7 51. a4 Kg6 52. a5 Ra2 53. Rb6+ Kg7 54. a6 g4 55. Kf4 Ra4 56. Kxg4 $2 {[%emt 0:01:09][%mdl 8192] [#]} (56. Kg3 $11) 56... Rxe4+ 57. Kf5 Ra4 58. Ke5 $2 (58. Rc6 $11) 58... f6+ $2 59. Ke6 $2 (59. Rxf6 {leads to mate.} Ra5+ 60. Ke6 Rxa6+ 61. Ke5 Rxf6 62. Kd5 Rf8 63. Ke4 Kf6 64. Kd5 Rd8+ 65. Kc5 Ke5 66. Kc4 Rd5 67. Kc3 Rd4 68. Kb2 Rd3 69. Kc1 Kd4 70. Kb2 Kc4 71. Kc2 Rd8 72. Kb2 Rd2+ 73. Kc1 Kc3 74. Kb1 Rd1+ 75. Ka2 Re1 76. Ka3 Ra1#) (59. Kf5 $11 Ra5+ 60. Ke4) 59... Kg6 60. Ke7 $2 (60. Rc6 $11) 60... Re4+ 61. Re6 Rf4 $1 62. Rd6 $2 (62. a7 $11 Ra4 63. Rxf6+ Kg5 64. Rf8 Rxa7+ 65. Ke6) 62... Kg5 $2 (62... Re4+ $11 63. Re6 Rf4) 63. Rd5+ {[%emt 0:00:10] White mates.} f5 {[%emt 0:00:26] [#]} 64. Ra5 $1 ({Inferior is} 64. a7 Ra4 65. Rd7 f4 $11) 64... Re4+ 65. Kf7 Rc4 66. a7 Rc8 67. a8=Q (67. Ke6 Re8+ 68. Kd5 Ra8 $11) 67... Rxa8 68. Rxa8 f4 69. Ke6 f3 70. Ke5 Kg4 71. Ke4 f2 72. Rf8 {[%emt 0:00:02] Weighted Error Value: White=0.04 (flawless) /Black=0.02 (flawless)} 1-0

[Event "IX Iberoamericano Championship 2023"]
[Site "Panama City"]
[Date "2023.11.29"]
[Round "5.8"]
[White "Palma Villanueva, Miguel Ta"]
[Black "Matamoros Franco, Carlos S."]
[Result "1/2-1/2"]
[ECO "B13"]
[WhiteElo "2286"]
[BlackElo "2455"]
[Annotator "TA"]
[PlyCount "88"]
[EventDate "2023.11.27"]
[EventType "swiss"]
[EventCountry "PAN"]
[SourceTitle "playchess.com"]
[Source "ChessBase"]
[SourceQuality "1"]
[TimeControl "5400+30"]

1. e4 c6 2. d4 d5 3. exd5 cxd5 4. c4 Nf6 5. Nc3 Nc6 6. Nf3 Bg4 7. cxd5 Nxd5 8. Qb3 Bxf3 9. gxf3 e6 10. Qxb7 Nxd4 11. Bb5+ Nxb5 12. Qc6+ Ke7 13. Qxb5 Qd7 14. Nxd5+ Qxd5 15. Bg5+ f6 16. Qxd5 exd5 17. Be3 Ke6 18. O-O-O Bb4 19. a3 Ba5 {[%emt 0:33:11] B13: Caro-Kann: Exchange Variation and Panov-Botvinnik Attack.} 20. b4 Bc7 21. Rhe1 Rhd8 22. Bb6+ Kf7 $1 23. Bxc7 Rac8 {[%emt 0:00:14] [#]} 24. Kb2 $146 ({Predecessor:} 24. Re3 Rxc7+ 25. Kb2 Rc4 26. Kb3 Rf4 27. Red3 Ke6 28. Ka4 g5 29. Re1+ Kf7 30. Red1 Ke6 31. Re1+ Kf7 {½-½ Silva Nazzari,R (2245)-Barboza,N URU-ch Uruguay 1987}) 24... Rxc7 $11 {[%emt 0:00:06][%mdl 4096] Endgame KRR-KRR} 25. Rd3 g5 26. Kb3 h5 27. Rd4 Kg6 28. Re3 Kf5 29. h3 Rdd7 30. a4 Rc1 31. f4 g4 32. hxg4+ hxg4 33. b5 Rb1+ 34. Ka3 Rc7 35. Rg3 Rc2 (35... Rc4 $5 36. Rxd5+ Kxf4 $11) 36. f3 {[%emt 0:01:34] The position is equal.} gxf3 37. Rxf3 Rc5 38. Rfd3 Ke6 39. Re3+ Kd6 40. Red3 Rbc1 41. Kb3 Rb1+ 42. Ka3 Rbc1 43. Kb3 Rb1+ 44. Ka3 Rbc1 {[%emt 0:00:30] Weighted Error Value: White=0.05 (flawless) /Black=0.05 (flawless)} 1/2-1/2

[Event "IX Iberoamericano Championship 2023"]
[Site "Panama City"]
[Date "2023.11.29"]
[Round "5.9"]
[White "De La Riva Aguado, Oscar"]
[Black "Soto, Miguel Angel"]
[Result "1-0"]
[ECO "B76"]
[WhiteElo "2437"]
[BlackElo "2359"]
[Annotator "TA"]
[PlyCount "83"]
[EventDate "2023.11.27"]
[EventType "swiss"]
[EventCountry "PAN"]
[SourceTitle "playchess.com"]
[Source "ChessBase"]
[SourceQuality "1"]
[TimeControl "5400+30"]

1. e4 c5 2. Nf3 d6 3. d4 cxd4 4. Nxd4 Nf6 5. Nc3 g6 6. Be3 Bg7 7. f3 Nc6 8. Qd2 O-O 9. O-O-O d5 10. exd5 Nxd5 11. Nxc6 bxc6 12. Bd4 e5 13. Bc5 Be6 14. Ne4 Re8 15. h4 h6 16. h5 {[%emt 0:10:04] hxg6 is the strong threat. B76: Sicilian Dragon: Yugoslav Attack, 9 g4 and 9 0-0-0.} g5 17. g4 Qc7 18. Bc4 {[%emt 0:14:33] White is better.} Red8 19. Bb3 {[%emt 0:03:37] White is much more active.} a5 20. a4 {[%emt 0:07:59] [#]} Rab8 $146 ({Predecessor:} 20... Nf4 21. Qe3 Bxb3 22. Qxb3 Ne2+ 23. Kb1 Nd4 24. Bxd4 exd4 25. Rd3 Rab8 26. Qc4 Rb4 27. Qc5 Rdb8 28. b3 Rxa4 29. Kb2 Rab4 30. Nxg5 R8b5 {0-1 Kujawski,A (2173)-Golubev,M (2461) Titled Tuesday intern op 15th Aug Late blitz 2023 (3)}) 21. Qe1 Rb7 {[%emt 0:12:18] Black is on the road to losing.} 22. Rh2 Rd7 ({Black should try} 22... Kh8) 23. Rhd2 $16 Qb8 (23... Rxb3 $16 24. cxb3 f5) 24. Rd3 $1 $18 Qd8 {[%emt 0:17:06] [#]} (24... Qa8 $142 25. Ba3 Nf4 26. Rxd7 Rxd7 27. Rxd7 Bxd7) 25. Ba3 $1 Nf4 26. Rxd7 Rxd7 27. Rxd7 Qxd7 (27... Bxd7 {is a better defense.} 28. Nd6 Ne6) 28. Bxe6 (28. Qxa5 {leads to mate.} Ne2+ 29. Kb1 Qd1+ 30. Ka2 Nc1+ 31. Kb1 Nxb3+ 32. Ka2 Qa1#) 28... Qxe6 29. Qxa5 Qc4 $2 (29... Kh7 30. Qd8 f5) 30. Qd8+ Kh7 31. b3 Qf1+ {[%emt 0:05:58] [#]} 32. Qd1 $1 Qg2 33. Kb1 Ne2 34. Qd3 {[%emt 0:00:59] Nf6+ would kill now.} Kh8 35. a5 {[%emt 0:00:58] And now a6 would win.} Qg1+ 36. Ka2 Nd4 37. a6 {[%emt 0:01:15] Threatening mate with a7.} Qe1 38. Qc3 Qe2 39. Qc4 {[%emt 0:00:58] White mates.} Qxf3 40. a7 Qxe4 41. a8=Q+ Kh7 42. Qe8 {[%emt 0:00:29] Weighted Error Value: White=0.07 (flawless) /Black=0.66} 1-0

[Event "IX Iberoamericano Championship 2023"]
[Site "Panama City"]
[Date "2023.11.29"]
[Round "5.10"]
[White "Almedina Ortiz, Edgardo J."]
[Black "Sanchez Alvarez, Roberto Carlos"]
[Result "0-1"]
[ECO "E35"]
[WhiteElo "2158"]
[BlackElo "2437"]
[Annotator "TA"]
[PlyCount "52"]
[EventDate "2023.11.27"]
[EventType "swiss"]
[EventCountry "PAN"]
[SourceTitle "playchess.com"]
[Source "ChessBase"]
[SourceQuality "1"]
[TimeControl "5400+30"]

1. d4 Nf6 2. c4 e6 3. Nc3 Bb4 4. Qc2 d5 5. cxd5 exd5 6. Bg5 h6 7. Bxf6 Qxf6 8. a3 Bxc3+ 9. Qxc3 O-O 10. e3 Bf5 11. Nf3 Nd7 {[%emt 0:00:12] E35: Nimzo-Indian: Classical: 4...d5 5 cxd5 exd5.} 12. Be2 Rfc8 13. O-O c5 {[%emt 0:01:41] The position is equal.} 14. Rac1 c4 15. Ne5 {[%emt 0:00:09] [#]} Qe7 $146 ({Predecessor:} 15... b5 16. g4 Nxe5 17. dxe5 Qg6 18. f3 a5 19. Rf2 Rcb8 20. Qd4 Be6 21. Bd1 f6 {0-1 Kholopov,A (2325)-Goganov,A (2591) Moscow op-A 2016 (1)}) 16. Nxd7 Qxd7 17. b3 b5 $1 18. bxc4 bxc4 19. f3 Rab8 {[%emt 0:17:22][%cal Ba8b8,Bb8b3,Bb3b2,Bb2d2][%mdl 32] aiming for ...Rb3.} 20. e4 Rb3 21. Qd2 c3 {[%emt 0:04:04] Black is more active.} ({Stronger than} 21... dxe4 22. Bxc4 e3 23. Qa5 $15) (21... Bg6 $17 22. Rc3 dxe4 23. fxe4 Rxc3 24. Qxc3 Bxe4 25. Bxc4 Bd5) 22. Qd1 $11 Rb2 $36 {[%emt 0:00:02][%mdl 2048] White is under pressure.} 23. exf5 {[%emt 0:01:45] [#] And now Rf2 would win.} Rd2 $1 24. Qe1 (24. Qb3 $1 $11 {and White stays safe.} Rxe2 25. Rxc3) 24... Re8 $19 25. Rf2 (25. Rxc3 $2 {perishes.} Rexe2 $19) 25... Qa4 26. Rd1 $2 {[%emt 0:05:16] [#]} (26. Rxc3 Qxd4 27. Qxd2 {[%mdl 64] Remove Defender} Qxd2 28. Rd3 Qc1+ 29. Bf1) 26... Rexe2 $1 {[%emt 0:00:36][%mdl 512] Weighted Error Value: White=0.65/Black=0.11 (very precise)} 0-1

[Event "IX Iberoamericano Championship 2023"]
[Site "Panama City"]
[Date "2023.11.29"]
[Round "5.11"]
[White "Rodriguez Vila, Andres"]
[Black "Villalba, Marcelo"]
[Result "1/2-1/2"]
[ECO "A36"]
[WhiteElo "2405"]
[BlackElo "2241"]
[Annotator "TA"]
[PlyCount "74"]
[EventDate "2023.11.27"]
[EventType "swiss"]
[EventCountry "PAN"]
[SourceTitle "playchess.com"]
[Source "ChessBase"]
[SourceQuality "1"]
[TimeControl "5400+30"]

1. c4 c5 2. Nc3 Nc6 3. g3 g6 4. Bg2 Bg7 5. a3 a5 6. e3 e5 {[%emt 0:00:11] A36: Symmetrical English vs ...g6: 4 Bg2 Bg7.} 7. Nge2 Nge7 8. O-O O-O 9. Nd5 d6 10. Nec3 Nxd5 11. cxd5 Ne7 12. Rb1 {[%emt 0:00:06] [#]} b5 {[%emt 0:09:38] [#]} 13. b4 $146 (13. Nxb5 $14 Ba6 14. a4) ({Predecessor:} 13. Nxb5 Ba6 14. a4 Qb6 15. Qb3 Rfb8 16. d3 Bxb5 17. Qxb5 Qxb5 18. axb5 Rxb5 19. e4 {1-0 Ubilava,E (2515)-Bellon Lopez,J (2445) Benasque 1990}) 13... cxb4 $11 14. axb4 a4 15. f4 (15. Nxb5 $11 {remains equal.} Ba6 16. Nc3 (16. Qxa4 $2 Qb6 $19)) 15... Bf5 16. Ra1 (16. e4 $17 {was the only chance.} Qb6+ 17. Kh1) 16... Bd3 $19 17. Rf2 {[%emt 0:00:06] [#]} e4 $1 18. Ra3 f5 19. g4 Rc8 20. gxf5 gxf5 {[%emt 0:00:48] Hoping for ...Rf6.} 21. Bf1 Qc7 {[%emt 0:12:42] aiming for ...Rf6.} 22. Bxd3 exd3 23. Rg2 Qc4 24. Bb2 {[%emt 0:04:33][%cal Oc3b5] Threatens to win with Nxb5!} Ng6 (24... Qxb4 25. Nxa4 Ng6 26. Qa1 Bxb2 27. Nxb2 $11) (24... Rf7 {simplifies} 25. Qa1 Ng6 26. Na2 Bxb2 27. Qxb2 Qxd5 28. Nc3 Qb7) 25. h4 $1 Nxh4 (25... Qxb4 $15 {stays ahead.} 26. Qa1 Rf7) 26. Rh2 $2 (26. Rxg7+ $1 $16 Kxg7 27. Qh5) 26... Qxb4 27. Ra2 {[%emt 0:00:40] [#]} Qb3 $2 28. Qh5 {[%emt 0:00:27] [#]} Rf6 $2 29. Rxh4 $11 {[%emt 0:01:53] The position is equal.} Rh6 30. Qxf5 Rxc3 (30... Rf8 $5 31. Qh3 $8 Rxh4 32. Qxh4 a3 {[%mdl 64] Deflection} 33. Bxa3 (33. Rxa3 $2 Qxb2 34. Ra2 Qc1+ 35. Kg2 Bxc3 $19) 33... Bxc3 34. Bxd6 Qb1+ 35. Kg2 Qxa2 36. Qg5+ Kh8 37. Bxf8 Qxd2+ 38. Kf3 Qd1+ 39. Ke4 Qa4+ 40. Kf3 (40. Kxd3 Qc4+ 41. Kc2 Bb4+ {[%mdl 64] Discovered Attack} 42. Kb2 Qc3+ 43. Kb1 Qd3+ 44. Kc1 Bd2+ 45. Kb2 Bc3+ 46. Kb3 Bd4+ {[%mdl 64] Discovered Attack} 47. Kb4 Qc4+ 48. Ka5 Qa4#) 40... Qd1+ 41. Ke4 Qa4+ 42. Kf3 (42. Kxd3 Qc4+ 43. Kc2 Bb4+ {[%mdl 64] Discovered Attack} 44. Kb2 Qc3+ 45. Kb1 Qd3+ 46. Kc1 Bd2+ 47. Kb2 Bc3+ 48. Kb3 Bd4+ {[%mdl 64] Discovered Attack} 49. Kb4 Qc4+ 50. Ka5 Qa4#) 42... Qd1+ $11) 31. Bxc3 {[%emt 0:01:47] White wants to mate with Qc8+.} (31. Rxh6 $5 Qd1+ $8 32. Kh2 Qe2+ 33. Kh3 (33. Kg3 Qe1+ 34. Kg4 Qe2+ 35. Kh3 Qf3+ 36. Kh2 Qf2+ 37. Kh1 Qe1+ 38. Kh2 Qxd2+ 39. Kh3 Qxe3+ 40. Kh4 Qf2+ 41. Kh3 Qf3+ 42. Kh4 Qh1+ 43. Kg4 Qg2+ 44. Kh5 Qh2+ 45. Kg4 Qg2+ 46. Kh5 Qh2+ 47. Kg4 Qg2+ $11) 33... Qf3+ 34. Kh4 Qf2+ 35. Kh5 Qh2+ 36. Kg4 Qe2+ 37. Kh4 (37. Kg3 Qe1+ 38. Kh3 Qh1+ 39. Kg4 Qg2+ 40. Kh5 Qh2+ 41. Kg4 Qg2+ 42. Kh5 Qh2+ $11) 37... Qf2+ 38. Kh5 Qh2+ 39. Kg4 Qg2+ 40. Kh5 Qh2+ $11) 31... Qd1+ 32. Kf2 Qe2+ {[%emt 0:00:17][%mdl 1024] Black has compensation.} (32... Rxh4 {leads to mate.} 33. Qe6+ (33. Qxd3 $2 {is a self mate.} Rh2+ 34. Kg3 Qg1+ 35. Kf3 Qg2#) 33... Kf8 34. Qxd6+ Kg8 35. Qe6+ Kh8 36. Qe8#) 33. Kg3 {[%emt 0:00:04] Intending Qc8+ and mate.} Rg6+ 34. Rg4 {[%emt 0:00:13] Qc8+ would kill now.} Qe1+ 35. Kf3 {[%emt 0:00:16] Threatening mate with Qc8+.} Qh1+ 36. Kg3 Qg1+ 37. Kf3 {[%emt 0:00:07] White threatens Qc8+ and mate.} Qh1+ {[%emt 0:00:44] Weighted Error Value: White=0.33/Black=0.29 (precise)} 1/2-1/2

[Event "IX Iberoamericano Championship 2023"]
[Site "Panama City"]
[Date "2023.11.29"]
[Round "5.12"]
[White "Zambrana, Osvaldo"]
[Black "Ortiz Verdezoto, Anahi"]
[Result "1-0"]
[ECO "C55"]
[WhiteElo "2400"]
[BlackElo "2175"]
[Annotator "TA"]
[PlyCount "75"]
[EventDate "2023.11.27"]
[EventType "swiss"]
[EventCountry "PAN"]
[SourceTitle "playchess.com"]
[Source "ChessBase"]
[SourceQuality "1"]
[TimeControl "5400+30"]

1. e4 e5 2. Nf3 Nc6 3. Bc4 Nf6 4. d3 Be7 5. O-O d6 6. a4 O-O 7. Re1 Na5 8. Ba2 {[%emt 0:00:12] C55: Two Knights: 4 d3, 4 d4 exd4 5 e5 and Max Lange Attack.} c5 9. Bg5 Be6 10. Bxf6 {[%emt 0:00:55] White is slightly better.} Bxf6 11. Nc3 g6 12. Nd5 Bg7 13. c3 Nc6 14. h3 {[%emt 0:08:46] [#]} Rb8 $146 ({Predecessor:} 14... Qd7 15. Rb1 h6 16. b4 Kh7 17. b5 Ne7 18. d4 Bxd5 19. exd5 exd4 20. cxd4 Nf5 21. dxc5 dxc5 {1-0 Cubas,J (2428)-Mazziotti Irigoyen,G (2311) Torre Blanca 2006 (9)}) 15. Qd2 h6 16. b4 cxb4 17. cxb4 Ne7 18. Nxe7+ Qxe7 19. Bc4 Rfd8 20. Qa2 Rd7 21. Rac1 Rbd8 22. Bd5 Bxd5 23. Qxd5 Rc7 24. Rc4 Qd7 25. Nd2 Rxc4 26. Nxc4 Qxa4 27. Qxb7 Bf8 (27... Qd7 $14 28. Qd5 Qc7) 28. Ne3 $16 {[%emt 0:08:09] White has more active pieces.} Qa3 {[%emt 0:09:31] Loses the game.} (28... Qd7 $16 {is a better defense.} 29. Qa6 Rc8) 29. Nd5 $18 Kg7 $2 (29... Bg7 30. Kh2 Rf8) 30. Re3 Qc1+ 31. Kh2 {[%emt 0:48:44] [#] Hoping for Rf3.} Qc8 32. Qxa7 Rd7 33. Qa2 {[%emt 0:00:00] Black must now prevent Nb6.} Rb7 {[%emt 0:00:23] Dodges Nb6} 34. Qc4 Qb8 {[%emt 0:00:46] Black is weak on the light squares} 35. Rf3 h5 36. h4 Qd8 37. g3 Qb8 (37... Qd7 $142 38. Kg2 Qb5) 38. Qc6 {[%emt 0:00:00] Weighted Error Value: White=0.26 (precise) /Black=0.35} 1-0

[Event "IX Iberoamericano Championship 2023"]
[Site "Panama City"]
[Date "2023.11.29"]
[Round "5.13"]
[White "Ynojosa Aponte, Felix Jose"]
[Black "Cabezas Solano, David Alejandro"]
[Result "1-0"]
[ECO "D36"]
[WhiteElo "2393"]
[BlackElo "2171"]
[Annotator "RC"]
[PlyCount "111"]
[EventDate "2023.11.27"]
[EventType "swiss"]
[EventCountry "PAN"]
[SourceTitle "playchess.com"]
[Source "ChessBase"]
[SourceQuality "1"]
[TimeControl "5400+30"]

1. c4 e6 2. Nc3 d5 3. d4 Nf6 4. cxd5 exd5 5. Bg5 c6 6. Qc2 Be7 7. e3 Nbd7 8. Nf3 O-O 9. Bd3 Re8 10. O-O Nf8 11. Rab1 Ng6 12. Bxf6 Bxf6 13. b4 a6 14. a4 Bg4 15. b5 Bxf3 16. Bxg6 hxg6 17. gxf3 Qc8 18. bxc6 bxc6 19. Ne2 Qh3 20. Ng3 Re6 21. Rb6 Rc8 22. Qd3 Bd8 23. Rxa6 Bc7 24. f4 Rce8 25. Rc1 g5 26. Raxc6 Rxc6 27. Rxc6 Bxf4 28. Qf5 Qxf5 29. Nxf5 g6 30. Nd6 Bxd6 31. Rxd6 Ra8 32. Rxd5 Rxa4 33. Rxg5 Kf8 34. Re5 f5 35. h4 Kf7 36. h5 Kf6 37. hxg6 Kxg6 38. Kg2 Ra2 39. Kg3 Rd2 40. f3 Kg5 41. e4 Rxd4 42. Rxf5+ Kg6 43. Kg4 Rd1 44. Rd5 Rf1 45. Rd6+ Kf7 46. f4 Rg1+ 47. Kf5 Ke7 48. Ra6 Rb1 49. Ra7+ Ke8 50. e5 Rh1 51. Kg5 Rh2 52. f5 Rh1 53. e6 Rh2 54. Kf6 Rh6+ 55. Ke5 Rh5 56. Kd6 1-0

[Event "IX Iberoamericano Championship 2023"]
[Site "Panama City"]
[Date "2023.11.29"]
[Round "5.14"]
[White "Bravo Mallco, Kate Azumi"]
[Black "Cori, Jorge"]
[Result "1/2-1/2"]
[ECO "C55"]
[WhiteElo "2004"]
[BlackElo "2626"]
[Annotator "TA"]
[PlyCount "123"]
[EventDate "2023.11.27"]
[EventType "swiss"]
[EventCountry "PAN"]
[SourceTitle "playchess.com"]
[Source "ChessBase"]
[SourceQuality "1"]
[TimeControl "5400+30"]

1. e4 e5 2. Nf3 Nc6 3. Bc4 Nf6 4. d3 h6 5. Nbd2 d6 6. Nf1 {[%emt 0:02:42] C55: Two Knights: 4 d3, 4 d4 exd4 5 e5 and Max Lange Attack.} g6 7. c3 Bg7 8. Ng3 {[%emt 0:01:47] The position is equal.} a6 9. Bb3 O-O 10. O-O d5 {[%emt 0:13:21] [#]} 11. Be3 $146 ({Predecessor:} 11. Qe2 Re8 12. Bd2 Be6 13. h3 Na5 14. c4 dxc4 15. dxc4 Nc6 16. Ba4 Bd7 17. Bxc6 Bxc6 {½-½ Guth,T (2200)-Laske,M Oberliga Nord O 9798 1997}) 11... Be6 12. h3 Re8 13. Bc2 Qe7 14. Re1 Rad8 15. Qc1 dxe4 16. dxe4 Kh7 17. Rd1 Rd6 18. Rd2 Rxd2 19. Qxd2 Rd8 20. Qe1 Ne8 21. Nd2 (21. Nf5 {is more complex.} Qf6 22. Nxg7 Kxg7 23. Qe2) 21... Nd6 22. Bc5 b6 23. Bxd6 Qxd6 ({Much less strong is} 23... Rxd6 24. Nf5 gxf5 25. exf5 Bxf5 26. Bxf5+ Kg8 27. Bc2 $16) 24. Ndf1 Na5 25. Rd1 Qf8 26. Rxd8 Qxd8 27. b3 Qd6 28. Qd2 Nb7 29. Qxd6 Nxd6 30. Ne3 Kg8 31. Kf1 Kf8 32. Ke1 Ke8 33. Ngf1 h5 34. Nd2 b5 35. Bd3 c6 36. Ke2 Kd7 37. c4 b4 38. Nc2 a5 39. Nf3 f6 40. Ne3 Nb7 41. Bc2 Nc5 42. h4 Bh6 43. g3 Kd6 44. Bb1 Nb7 45. Bd3 Kc5 46. Bb1 Nd6 47. Ne1 Kd4 {[%emt 0:01:11][%cal Oh6e3] aiming for ...Bxe3!} 48. Nf3+ Kc5 49. Ne1 $1 Bf7 50. Nf3 Bg8 51. Nd2 Be6 52. Nf3 Bg4 (52... Kb6 $15) 53. Nxg4 $11 hxg4 {[%emt 0:00:02][%mdl 4096] Endgame KBN-KBN} 54. Nh2 f5 55. f3 gxf3+ 56. Nxf3 fxe4 57. Nxe5 Kd4 $2 {[%emt 0:00:02] [#]} (57... g5 $1 $11 {and Black stays safe.}) 58. Nxc6+ $18 ({Don't take} 58. Nxg6 $6 Bc1 $16) 58... Kc5 59. Nd8 (59. Nxa5 g5 $11) 59... Kd4 60. Nc6+ Kc5 61. Nd8 ({Worse is} 61. Nxa5 g5 $11) 61... Kd4 {[%emt 0:01:08] [#]} 62. Nc6+ $2 {[%emt 0:00:07] Weighted Error Value: White=0.15 (very precise) /Black=0.16 (very precise)} (62. g4 $1 $18 ) 1/2-1/2

[Event "IX Iberoamericano Championship 2023"]
[Site "Panama City"]
[Date "2023.11.29"]
[Round "5.15"]
[White "Lombardo Batista, Elias"]
[Black "Ordaz Valdes, Lisandra Teresa"]
[Result "0-1"]
[ECO "A21"]
[WhiteElo "1755"]
[BlackElo "2306"]
[Annotator "RC"]
[PlyCount "70"]
[EventDate "2023.11.27"]
[EventType "swiss"]
[EventCountry "PAN"]
[SourceTitle "playchess.com"]
[Source "ChessBase"]
[SourceQuality "1"]
[TimeControl "5400+30"]

1. c4 e5 2. g3 d6 3. Nc3 Be7 4. Bg2 f5 5. d4 Nf6 6. dxe5 dxe5 7. Qxd8+ Bxd8 8. Nf3 Nc6 9. O-O e4 10. Ne1 Be6 11. b3 Be7 12. Nc2 O-O-O 13. Be3 Ng4 14. Rad1 Nxe3 15. Nxe3 Bf6 16. Ned5 Be5 17. e3 Rhe8 18. Rfe1 Nb4 19. f4 exf3 20. Bxf3 c6 21. Nxb4 Bxc3 22. Nc2 Bxe1 23. Rxe1 Rd2 24. Re2 Rxe2 25. Bxe2 Kc7 26. Kf2 Kd6 27. Bd3 Bd7 28. b4 a5 29. a3 axb4 30. axb4 Ra8 31. Ke2 Ke5 32. h4 c5 33. b5 Be8 34. Kd2 Rd8 35. Kc3 Rd6 0-1

[Event "IX Iberoamericano Championship 2023"]
[Site "Panama City"]
[Date "2023.11.29"]
[Round "5.16"]
[White "Solares Orozco, Kebert"]
[Black "Leal Escamilla, Daniel Zinedine"]
[Result "1-0"]
[ECO "D02"]
[WhiteElo "2312"]
[BlackElo "1748"]
[Annotator "RC"]
[PlyCount "103"]
[EventDate "2023.11.27"]
[EventType "swiss"]
[EventCountry "PAN"]
[SourceTitle "playchess.com"]
[Source "ChessBase"]
[SourceQuality "1"]
[TimeControl "5400+30"]

1. d4 d5 2. Nf3 Nf6 3. g3 h6 4. c4 e6 5. Bg2 Bd6 6. O-O O-O 7. Qc2 Nc6 8. Nbd2 e5 9. dxe5 Nxe5 10. Nxe5 Bxe5 11. cxd5 Re8 12. Nc4 Bd4 13. Rd1 Bc5 14. Be3 Bxe3 15. Nxe3 Bd7 16. Rac1 Rc8 17. Rd2 Qe7 18. Qc5 Qxc5 19. Rxc5 Ne4 20. Bxe4 Rxe4 21. Rc3 c6 22. f3 Ree8 23. Kf2 Kf8 24. Ra3 a6 25. Rb3 b5 26. Ra3 Ra8 27. dxc6 Bxc6 28. Rd6 Re6 29. Rxe6 fxe6 30. Rc3 Bd7 31. Ng4 Ra7 32. Ne5 Be8 33. e4 Ke7 34. Ke3 b4 35. Rc5 a5 36. Kd4 Ba4 37. Nc4 Bd1 38. Nxa5 Kd6 39. e5+ Kd7 40. f4 Bf3 41. Kc4 Bd5+ 42. Kxb4 Bxa2 43. b3 Bb1 44. Kb5 Bd3+ 45. Kb6 Ra6+ 46. Kb7 g5 47. b4 gxf4 48. gxf4 h5 49. f5 exf5 50. Rd5+ Ke7 51. Rxd3 Re6 52. Rf3 1-0

[Event "IX Iberoamericano Championship 2023"]
[Site "Panama City"]
[Date "2023.11.29"]
[Round "5.17"]
[White "Bogantes Robleto, Karina"]
[Black "Delgado Rosas, Alex Antonio"]
[Result "0-1"]
[ECO "A61"]
[WhiteElo "1739"]
[BlackElo "2105"]
[Annotator "NA RC"]
[PlyCount "55"]
[EventDate "2023.11.27"]
[EventType "swiss"]
[EventCountry "PAN"]
[SourceTitle "playchess.com"]
[Source "ChessBase"]
[SourceQuality "1"]
[TimeControl "5400+30"]

1. d4 Nf6 2. c4 c5 3. d5 e6 4. Nc3 exd5 5. cxd5 d6 6. Nf3 g6 7. h3 Bg7 8. Qa4+ Bd7 9. Qb3 b5 10. Bf4 b4 11. Nb1 Qe7 12. e3 O-O 13. Bd3 a5 14. a4 c4 15. Bxc4 Ne4 16. O-O Nc5 17. Qc2 Rc8 18. Nbd2 Bf5 19. e4 Nxe4 20. Rfe1 Nxd2 21. Qxd2 Qf8 22. Rac1 Nd7 23. Nd4 Nb6 24. Bb3 Bd7 25. Nc6 Kh8 26. Be3 Ra6 27. Bd4 Bxd4 28. Qd3 0-1

[Event "IX Iberoamericano Championship 2023"]
[Site "Panama City"]
[Date "2023.11.29"]
[Round "5.18"]
[White "Estrada Nieto, Julian"]
[Black "Mayorga Araya, Sofia"]
[Result "1-0"]
[ECO "B51"]
[WhiteElo "2212"]
[BlackElo "1733"]
[Annotator "NA RC"]
[PlyCount "47"]
[EventDate "2023.11.27"]
[EventType "swiss"]
[EventCountry "PAN"]
[SourceTitle "playchess.com"]
[Source "ChessBase"]
[SourceQuality "1"]
[TimeControl "5400+30"]

1. e4 c5 2. Nf3 d6 3. Bb5+ Nd7 4. d4 cxd4 5. Qxd4 a6 6. Bxd7+ Bxd7 7. Nc3 e5 8. Qd3 Nf6 9. Bg5 Bc6 10. O-O-O Qa5 11. Bxf6 gxf6 12. Kb1 O-O-O 13. Nd5 Bxd5 14. Qxd5 Qxd5 15. Rxd5 Rg8 16. g3 Kc7 17. Nh4 Kc6 18. Rhd1 h5 19. a4 Kd7 20. Nf5 Ke6 21. c4 Be7 22. c5 Rd7 23. cxd6 Bd8 24. f4 1-0